 Dungeon Crawl Stone Soup version 0.29.1-12-g30fa7ad0bf (webtiles) character file.

Game seed: 12452408621740163161

3087 Gadrel the Basher (level 9, 0/54 HPs)
             Began as a Gargoyle Arcane Marksman on Jan 15, 2023.
             Slain by a wight
             ... wielding a +3 scimitar of freezing
              (5 damage)
             ... on level 6 of the Dungeon.
             The game lasted 00:12:38 (5986 turns).

Gadrel the Basher (Gargoyle Arcane Marksman)        Turns: 5986, Time: 00:12:38

Health: 0/54       AC: 19    Str: 18    XL:     9   Next: 89%
Magic:  19/19      EV:  7    Int: 14    God:
Gold:   426        SH:  5    Dex: 10    Spells: 9/10 levels left

rFire   . . .      SeeInvis .   a - +4 hammer of Fotronoad {spect, Fragile rElec rPois MP+9}
rCold   . . .      Faith    .   (no shield)
rNeg    + . .      Spirit   .   c - +0 chain mail
rPois   ∞          Reflect  +   r - +0 helmet
rElec   +          Harm     .   x - +0 cloak
rCorr   .          Rampage  .   d - +0 pair of gloves
Will    .....                   (no boots)
Stlth   ..........              A - amulet of reflection
HPRegen 0.18/turn               (no ring)
MPRegen 0.16/turn               (no ring)

@: no status effects
A: sickness immunity, AC +6, negative energy resistance 1, electricity
resistance, torment resistance 1, petrification resistance
a: no special abilities


You were on level 6 of the Dungeon.
You visited 2 branches of the dungeon, and saw 8 of its levels.
You also visited: Ossuary.

You collected 426 gold pieces.

Inventory:

Hand Weapons
 a - the +4 hammer of Fotronoad (weapon) {spect, Fragile rElec rPois MP+9}
   (You found it on level 3 of the Dungeon)

   When its wielder attacks, the weapon's spirit leaps out and strikes again.
   The spirit shares a part of any damage it takes with its wielder.
   rElec:     It insulates you from electricity.
   rPois:     It protects you from poison.
   MP:        It affects your magic capacity (+9).
   Fragile:   It will be destroyed if unequipped.
 b - a +1 sling
 g - a +0 vorpal war axe
   (You took it off an orc warrior on level 6 of the Dungeon)
 v - a +1 vorpal flail
   (You took it off Edmund on level 6 of the Dungeon)
Missiles
 h - 5 boomerangs
 l - 10 poisoned darts
 s - 45 stones
Armour
 c - a +0 chain mail (worn)
   (You found it on level 4 of the Dungeon)
 d - a +0 pair of gloves (worn)
   (You found it on level 6 of the Dungeon)
 r - a +0 helmet (worn)
   (You found it in an ossuary)
 x - a +0 cloak (worn)
   (You took it off Crazy Yiuf on level 3 of the Dungeon)
Jewellery
 A - an amulet of reflection (around neck)
   (You found it on level 6 of the Dungeon)
Wands
 q - a wand of flame (14)
   (You took it off an orc on level 6 of the Dungeon)
 y - a wand of mindburst (13)
   (You found it on level 5 of the Dungeon)
Scrolls
 f - a scroll of brand weapon {unknown}
 i - 2 scrolls of vulnerability {unknown}
 j - a scroll of amnesia {unknown}
 k - a scroll of enchant weapon {unknown}
 m - 5 scrolls of teleportation {unknown}
 p - 4 scrolls of immolation {unknown}
 t - 2 scrolls of silence {unknown}
 w - a scroll of enchant armour {unknown}
 X - a scroll of magic mapping {@r4!r}
Potions
 e - a potion of magic {unknown}
 n - 2 potions of cancellation
 o - a potion of attraction {!q}
 u - 2 potions of flight {unknown}
 H - a potion of haste
 J - 3 potions of curing {@q1}
 N - 3 potions of heal wounds {@q2}
 P - a potion of lignification {!q}
 R - a potion of resistance


   Skills:
 - Level 5.0 Fighting
 + Level 8.1 Maces & Flails
 - Level 2.0 Ranged Weapons
 - Level 6.0 Throwing
 - Level 5.0 Armour
 - Level 2.0 Dodging
 - Level 1.0 Spellcasting
 - Level 2.6 Hexes
 + Level 4.3 Evocations


You had 9 spell levels left.
You knew the following spells:

 Your Spells              Type           Power      Damage    Failure   Level
s - Slow                  Hex            32%        N/A       71%         1

Your spell library contained the following spells:

 Spells                   Type           Power      Damage    Failure   Level
 Necrotise                Necr           0%         1d4       97%         1
 Tukima's Dance           Hex            8%         N/A       97%         3
 Blink                    Tloc           0%         N/A       99%         2
 Inner Flame              Hex/Fire       4%         N/A       99%         3
 Portal Projectile        Hex/Tloc       8%         N/A       99%         3
 Ozocubu's Armour         Ice            0%         N/A       100%        3
 Vampiric Draining        Necr           0%         2d6       100%        3
 Cause Fear               Hex            4%         N/A       100%        4
 Agony                    Necr           0%         N/A       100%        5
 Blade Hands              Tmut           0%         N/A       100%        5
 Manifold Assault         Tloc           0%         N/A       100%        5
 Ozocubu's Refrigeration  Ice            0%         4d7       100%        7
 Storm Form               Tmut/Air       0%         N/A       100%        7
 Discord                  Hex            4%         N/A       100%        8


Dungeon Overview and Level Annotations

Branches:
Dungeon (7/15)             Temple (1/1) D:6         Ossuary (visited)

Altars:
Ashenzari
Cheibriados
Elyvilon
Gozag
Hepliaklqana
Makhleb
Nemelex Xobeh
Trog
Wu Jian
Xom
Zin

Shops:
D:6 *

Annotations:
D:6 1 runed translucent door, TheGhostDragon953's ghost, novice MiBe


Innate Abilities, Weirdness & Mutations

You are immune to sickness and miasma.
Your stone body is resilient. (AC +6)
You are immune to poison.
You resist negative energy. (rN+)
You are resistant to electric shocks. (rElec)
You are resistant to unholy torment.
You are immune to petrification.


Message History

Edmund shouts!
Edmund moves out of view.
Unknown command.
You closely miss Edmund.
Your +4 hammer of Fotronoad {spect, Fragile rElec rPois MP+9} hits Edmund!
Edmund hits you but does no damage.
You barely miss Edmund. Your punch misses Edmund.
Your +4 hammer of Fotronoad {spect, Fragile rElec rPois MP+9} hits Edmund.
You block Edmund's attack.
You hit Edmund.
Your +4 hammer of Fotronoad {spect, Fragile rElec rPois MP+9} hits Edmund!
Edmund misses your +4 hammer of Fotronoad {spect, Fragile rElec rPois MP+9}.
You strike the helpless Edmund from behind!
You hit Edmund.
Your +4 hammer of Fotronoad {spect, Fragile rElec rPois MP+9} hits Edmund!
You kill Edmund!
Your Maces & Flails skill increases to level 8!
Things that are here:
a +1 vorpal flail; a +0 scale mail
v - a +1 vorpal flail
Found a shimmering altar of Xom.
You enter the shallow water.
Moving in this stuff is going to be slow.
You enter the shallow water.
Moving in this stuff is going to be slow.
w - a scroll labelled CUTEOFAGGEO
s - 45 stones (gained 3) TheGhostDragon953's ghost turns its malevolent gaze towards you.
You see here a +0 whip.
You see here a +0 whip.
TheGhostDragon953's ghost turns its malevolent gaze towards you.
Could not explore, unopened runed door.
(D) Dungeon (T) Temple
Where to? (Enter - D:6, ? - help)
There is a stone staircase leading down here.
You climb downwards.
The orc priest shouts!
The orc wizard shouts!
There is a stone staircase leading up here.
There are monsters nearby!
The orc wizard points at you and mumbles some strange words.
You are confused.
The orc priest invokes the aid of Beogh against you.
Beogh smites you!
You hear a shout!
In your confused state, you trip and fall back down the stairs.
The orc shouts!
A wight comes into view. It is wielding a +0 battleaxe.
You take 10 damage, and have 44/54 hp.
In your confused state, you trip and fall back down the stairs.
The bullfrog gives a loud, deep croak!
The wight hits you with a +3 scimitar of freezing!
The wight freezes you. The wight hits you but does no damage.
You take 12 damage, and have 32/54 hp.
MASSIVE DAMAGE!!
The wight hits you with a +4 dagger of freezing.
The wight freezes you. The wight hits you but does no damage.
The wight hits you with a +0 war axe.
In your confused state, you trip and fall back down the stairs.
The wight closely misses you. The wight hits you but does no damage.
The orc wizard points at you and mumbles some strange words.
You easily resist.
The wight barely misses you.
You take 5 damage, and have 27/54 hp.
The wight hits you with a +4 dagger of freezing.
The wight freezes you.
The wight hits you with a +4 dire flail.
The wight hits you with a +3 scimitar of freezing.
The wight freezes you.
The orc priest hits you but does no damage.
The orc wizard casts a spell.
The orc wizard flickers and vanishes!
Deactivating autopickup; reactivate with Ctrl-A.
The wight closely misses you.
You climb upwards.
Level annotation: 1 runed translucent door, TheGhostDragon953's ghost, novice MiBe Reactivating autopickup.
You feel less confused.
There is a stone staircase leading down here.
You take 8 damage, and have 19/54 hp.
You block the wight's attack.
You hit the wight.
Your +4 hammer of Fotronoad {spect, Fragile rElec rPois MP+9} barely misses the wight.
The wight hits you but does no damage.
You hit the wight.
Your +4 hammer of Fotronoad {spect, Fragile rElec rPois MP+9} hits the wight!
The wight hits your +4 hammer of Fotronoad {spect, Fragile rElec rPois MP+9} with a +4 dagger of freezing.
Your spectral weapon shares its damage with you!
The wight freezes your +4 hammer of Fotronoad {spect, Fragile rElec rPois MP+9}.
You block the wight's attack.
The wight hits your +4 hammer of Fotronoad {spect, Fragile rElec rPois MP+9} but does no damage.
You take 1 damage, and have 18/54 hp.
You catch the helpless wight completely off-guard!
You hit the wight.
You destroy the wight!
The wight closely misses you.
You hit the wight but do no damage.
Your +4 hammer of Fotronoad {spect, Fragile rElec rPois MP+9} hits the wight!
The wight hits you with a +3 scimitar of freezing!
* * * LOW HITPOINT WARNING * * *
The wight freezes you.
You die...

...###..#.##.'.!.#......))...#.∩.
..###...####.#...#............⌠.⌠
.........###.#####..#............
##.......##.........##..........#
###..<..............###.......###
.......##.........>...#......##
..#.###...............#.......###
#...#.........>##z.##.#.........#
#..............z@.##...........##
..#...#.#......z(..#..........##
#....#.#.#[.....#§.............#
#...#.#.#.#.....#.....###......#
.....#.>.#..#...#.......##.######
....#.#)#)#.......##.......#.#..#
.....#.#.#..###.................#
......#.#....#..................#
..).......................>....##


You could see 3 wights and a friendly +4 hammer of Fotronoad {spect, Fragile
rElec rPois MP+9} (summoned).

Vanquished Creatures
  Grinder (D:6)
  Sigmund (D:6)
  3 yaks (D:6)
  Edmund (D:6)
  A water moccasin (D:4)
  An orc warrior (D:6)
  2 sky beasts (D:6)
  3 ogres
  A centaur (D:6)
  A phantom (D:6)
  2 elf zombies (Ossuary)
  4 bullfrogs (D:6)
  A necrophage (D:6)
  5 scorpions
  A wight (D:6)
  2 hounds (D:6)
  A jelly (D:3)
  Crazy Yiuf (D:3)
  A human zombie (Ossuary)
  2 orc priests (D:6)
  3 iguanas
  2 orc wizards (D:5)
  A hound zombie (Ossuary)
  4 mummies (Ossuary)
  3 adders
  4 gnolls (D:6)
  A shadow imp (D:5)
  3 adder zombies (Ossuary)
  2 worms
  6 dart slugs
  18 orcs
  4 endoplasms
  2 giant cockroaches
  2 gnoll zombies (Ossuary)
  6 goblins
  4 hobgoblins
  5 quokkas
  4 ball pythons
  3 bats
  4 frilled lizards
  A jackal zombie (Ossuary)
  7 kobolds
  A kobold zombie (Ossuary)
  4 rats
  A rat zombie (Ossuary)
130 creatures vanquished.

Vanquished Creatures (others)
  A phantom (D:6)
  An orc wizard (D:6)
  An orc (D:6)
3 creatures vanquished.

Grand Total: 133 creatures vanquished

Notes
Turn   | Place    | Note
-------+----------+-------------------------------------------
     0 | D:1      | Gadrel the Gargoyle Arcane Marksman began the quest for the
                  | Orb.
     0 | D:1      | Reached XP level 1. HP: 12/12 MP: 2/2
   332 | D:1      | Reached XP level 2. HP: 13/17 MP: 3/3
   480 | D:1      | Reached skill level 2 in Dodging
   589 | D:1      | Reached skill level 2 in Fighting
  1237 | D:2      | Reached XP level 3. HP: 22/22 MP: 4/4
  1366 | D:2      | Reached skill level 3 in Fighting
  1694 | D:2      | Found a faded altar of an unknown god.
  1960 | D:3      | Reached skill level 4 in Fighting
  1960 | D:3      | Reached XP level 4. HP: 29/29 MP: 5/5
  2359 | D:3      | Identified the +4 hammer of Fotronoad {spect, Fragile rElec
                  | rPois MP+9}
  2435 | D:3      | Found a runed translucent door.
  2436 | D:3      | Noticed Crazy Yiuf
  2660 | D:3      | Killed Crazy Yiuf
  2661 | D:3      | Reached skill level 1 in Throwing
  2661 | D:3      | Reached XP level 5. HP: 26/34 MP: 6/6
  2828 | D:4      | Found an opulent altar of Gozag.
  2834 | D:4      | Reached skill level 1 in Maces & Flails
  2925 | D:4      | Noticed a water moccasin
  2932 | D:4      | Killed a water moccasin
  2933 | D:4      | Reached skill level 5 in Fighting
  2933 | D:4      | Reached skill level 2 in Maces & Flails
  2933 | D:4      | Reached skill level 2 in Throwing
  2933 | D:4      | Reached XP level 6. HP: 28/40 MP: 7/7
  3166 | D:4      | Reached skill level 3 in Throwing
  3506 | D:5      | Entered Level 5 of the Dungeon
  3615 | D:5      | Reached skill level 3 in Maces & Flails
  3615 | D:5      | Reached skill level 1 in Armour
  3615 | D:5      | Reached XP level 7. HP: 14/44 MP: 8/8
  3959 | D:6      | Reached skill level 2 in Armour
  3988 | D:6      | HP: 10/44 [bullfrog (6)]
  3991 | D:6      | Reached skill level 4 in Throwing
  4003 | D:6      | Found a burning altar of Makhleb.
  4043 | D:6      | HP: 10/44 [gnoll/+0 whip (3)]
  4064 | D:6      | Reached skill level 4 in Maces & Flails
  4064 | D:6      | Reached skill level 3 in Armour
  4064 | D:6      | Reached XP level 8. HP: 14/49 MP: 9/9
  4116 | D:6      | Found a sand-covered staircase.
  4253 | Ossuary  | Entered an ossuary
  4283 | Ossuary  | Reached skill level 4 in Armour
  4289 | Ossuary  | Reached skill level 5 in Maces & Flails
  4297 | Ossuary  | Reached skill level 5 in Throwing
  4594 | D:6      | Found a staircase to the Ecumenical Temple.
  4601 | Temple   | Entered the Ecumenical Temple
  4738 | D:6      | Reached skill level 5 in Armour
  4924 | D:6      | Reached skill level 6 in Maces & Flails
  4924 | D:6      | Reached XP level 9. HP: 28/54 MP: 10/10
  5091 | D:6      | Reached skill level 6 in Throwing
  5185 | D:6      | Reached skill level 1 in Evocations
  5188 | D:6      | Reached skill level 2 in Evocations
  5189 | D:6      | HP: 11/54 [yak (13)]
  5193 | D:6      | Reached skill level 7 in Maces & Flails
  5444 | D:6      | Found Mih Ojeo's Assorted Antiques.
  5500 | D:6      | Noticed Sigmund
  5508 | D:6      | Killed Sigmund
  5509 | D:6      | Reached skill level 3 in Evocations
  5545 | D:6      | Noticed Grinder
  5561 | D:6      | Killed Grinder
  5565 | D:6      | Identified the +4 ring mail "Coun" {Fly rPois rC- Dex+8}
  5569 | D:6      | Reached skill level 4 in Evocations
  5713 | D:6      | Noticed Edmund
  5719 | D:6      | Killed Edmund
  5720 | D:6      | Reached skill level 8 in Maces & Flails
  5780 | D:6      | Found a shimmering altar of Xom.
  5835 | D:6      | Found a runed translucent door.
  5840 | D:6      | Noticed TheGhostDragon953's ghost (novice MiBe)
  5986 | D:6      | HP: 5/54 [wight/+3 scimitar of freezing (13)]
  5986 | D:6      | Slain by a wight

Illustrated notes

Levels and vault maps discovered:
D:1:      minmay_arrival_semitransparent, layout_basic,
          chequers_serial_rivers_marsh
D:2:      layout_basic, serial_aquarium, aquarium_bridge_square
          [aquarium_subvault_wall, aquarium_subvault_bridge,
          aquarium_subvault_bridge, aquarium_subvault_window],
          aquarium_window_1, aquarium_window_fake, aquarium_window_2,
          aquarium_window_1, aquarium_view_2d, aquarium_view_2c,
          aquarium_balcony_3a, aquarium_pool_split,
          hellmonk_ecumenical_altar_crossroads
D:3:      layout_basic, solitary_fountain, uniq_crazy_yiuf_cottage
D:4:      layout_cave_pools, lemuel_round_altar
D:5:      layout_loops_cross, lemuel_blue_sif_altar,
          mainiacjoe_overflow_concentric_impassable, grunt_temple_overflow_open,
          dk_noncrumbling_3
D:6:      layout_cave_pools, xom_confusion_cloud, overflow_temple_1_default,
          minmay_temple_entry_grid, serial_shops, shop_fountains,
          enter_ossuary_2, gammafunk_ghost_grave, grunt_ministairs_14,
          chequers_garden, wad_floor_pattern_untrapped,
          sigmund_edmund_badplayer, uniq_grinder
D:7:      layout_cave_pools, fiery_altar_vehumet
Temple:   hellmonk_temple_two_chambers

Skill      XL: |  1  2  3  4  5  6  7  8  9 |
---------------+----------------------------+-----
Dodging        | 2 |  2.0
Fighting       | 2 4 5 |  5.0
Throwing       | 1 2 3 4 5 6 |  6.0
Maces & Flails | 2 3 4 6 8 |  8.1
Armour         | 1 3 5 |  5.0
Evocations     | 4 |  4.3
Ranged Weapons | |  2.0
Spellcasting   | |  1.0
Hexes          | |  2.6

Action                   |  1- 3 |  4- 6 |  7- 9 || total
-------------------------+-------+-------+-------++-------
Melee: Mace              |       |    51 |   152 ||   203
       Punch             |       |       |     4 ||     4
 Fire: Sling             |   111 |    47 |       ||   158
Throw: Dart              |       |     1 |     9 ||    10
       Boomerang         |       |       |     1 ||     1
  Use: Scroll            |     3 |       |     7 ||    10
       Potion            |       |       |     2 ||     2
 Stab: Sleeping          |       |     1 |       ||     1
       Distracted        |       |     1 |     4 ||     5
Armor: Robe              |    22 |     9 |       ||    31
       Chain mail        |       |     2 |   102 ||   104
Dodge: Dodged            |    59 |    37 |    50 ||   146
Block: Other             |       |       |    36 ||    36
       Reflection        |       |       |     1 ||     1

Table legend: (Time is in decaauts)
 A = Elapsed time spent in this place.
 B = Non-inter-level travel time spent in this place.
 C = Inter-level travel time spent in this place.
 D = Time resting spent in this place.
 E = Time spent auto-exploring this place.
 F = Levels seen in this place.
 G = Mean time per level.
                   A        B        C        D        E       F      G
               +--------+--------+--------+--------+--------+-----+--------+
         Total |   6070 |   5835 |    235 |    413 |   4388 |   9 |  674.4 |
       Dungeon |   5457 |   5227 |    230 |    146 |   4146 |   7 |  779.6 |
        Temple |    294 |    289 |      5 |    267 |     10 |   1 |  294.0 |
       Ossuary |    317 |    317 |      0 |      0 |    232 |   1 |  317.0 |
               +--------+--------+--------+--------+--------+-----+--------+

Top non-repeatable levels by time:
     D:6: 1412 daAuts
     D:3: 979 daAuts
     D:2: 942 daAuts
     D:1: 893 daAuts
     D:4: 753 daAuts
     D:5: 468 daAuts
 Ossuary: 317 daAuts
  Temple: 294 daAuts
     D:7: 7 daAuts

Table legend:
 A = Kills in this place as a percentage of kills in entire the game.
 B = Kills by you in this place as a percentage of kills by you in the entire game.
 C = Kills by friends in this place as a percentage of kills by friends in the entire game.
 D = Other kills in this place as a percentage of other kills in the entire game.
 E = Experience gained in this place as a percentage of experience gained in the entire game.
 F = Experience gained in this place divided by the number of levels of this place that you have seen.
                   A       B       C       D       E      F
               +-------+-------+-------+-------+-------+----------------------
         Total | 100.0 | 100.0 |   N/A | 100.0 | 100.0 | 490.0
       Dungeon |  87.8 |  87.7 |   N/A | 100.0 |  91.9 | 578.7
       Ossuary |  12.2 |  12.3 |   N/A |   0.0 |   8.1 | 359.0
               +-------+-------+-------+-------+-------+----------------------
